 Dungeon Crawl Stone Soup version 0.29.1-1-gd02db6906a (webtiles) character file.

Game seed: 11057294144108924694

3007 vvl the Stinger (level 9, -1/62 HPs)
             Began as a Demonspawn Venom Mage on Sept 16, 2022.
             Was a Believer of Hepliaklqana.
             Slain by a six-headed hydra (5 damage)
             ... on level 8 of the Dungeon.
             The game lasted 00:17:41 (8928 turns).

vvl the Stinger (Demonspawn Venom Mage)             Turns: 8928, Time: 00:17:47

Health: -1/62      AC:  6    Str: 10    XL:     9   Next: 54%
Magic:  17/17      EV: 13    Int: 20    God:    Hepliaklqana [**....]
Gold:   260        SH:  4    Dex: 13    Spells: 18/19 levels left

rFire   . . .      SeeInvis .   F - +0 dagger (venom)
rCold   . . .      Faith    .   (no shield)
rNeg    . . .      Spirit   .   m - +0 leather armour
rPois   .          Reflect  .   v - +1 helmet
rElec   .          Harm     .   (no cloak)
rCorr   .          Rampage  .   i - +0 pair of gloves
Will    .....                   (no boots)
Stlth   ++........              u - amulet of regeneration
HPRegen 1.00/turn               (no ring)
MPRegen 0.15/turn               (no ring)

@: no status effects
A: reduced essence, hooves 2, large bone plates 1, demonic magic 1
a: Renounce Religion, Ancestor Life: Knight, Ancestor Life: Battlemage, Ancestor
Life: Hexer, Recall Ancestor, Ancestor Identity


You were on level 8 of the Dungeon.
You worshipped Hepliaklqana.
Hepliaklqana was pleased with you.
You visited 2 branches of the dungeon, and saw 9 of its levels.
You also visited: Ossuary.

You collected 325 gold pieces.
You spent 65 gold pieces at shops.

Inventory:

Hand Weapons
 s - a +0 rapier
 B - a +2 dagger of electrocution
 F - a +0 dagger of venom (weapon)
Armour
 i - a +0 pair of gloves (worn)
 m - a +0 leather armour (worn)
 v - a +1 helmet (worn)
Jewellery
 e - a ring of ice
 k - a ring of fire
 u - an amulet of regeneration (around neck)
Wands
 a - a wand of flame (22)
 G - a wand of paralysis (9)
Scrolls
 c - 4 scrolls of magic mapping
 d - a scroll of noise {unknown}
 f - 6 scrolls of teleportation
 n - a scroll of poison {unknown}
 o - 4 scrolls of fear
 p - a scroll of vulnerability
 r - 3 scrolls of enchant armour
 t - a scroll of torment
 y - 2 scrolls of amnesia {unknown}
 A - 5 scrolls of blinking {unknown}
 E - 2 scrolls of identify
Potions
 b - a potion of magic
 g - 3 potions of might {unknown}
 h - 2 potions of mutation
 j - 4 potions of haste
 l - 8 potions of curing
 q - a potion of ambrosia {unknown}
 w - 2 potions of flight
 x - 2 potions of invisibility {unknown}
 z - a potion of degeneration {unknown}
 C - a potion of brilliance {unknown}
 D - 2 potions of heal wounds {unknown}
 H - a potion of cancellation {unknown}


   Skills:
 + Level 5.7 Fighting
 + Level 4.1 Armour
 + Level 5.5 Dodging
 - Level 2.0 Stealth
 + Level 5.6 Spellcasting
 - Level 4.0 Transmutations
 + Level 6.5 Poison Magic


You had 18 spell levels left.
You knew the following spells:

 Your Spells              Type           Power      Damage    Failure   Level
a - Sting                 Tmut/Pois      100%       1d8       1%          1

Your spell library contained the following spells:

 Spells                   Type           Power      Damage    Failure   Level
 Beastly Appendage        Tmut           42%        N/A       2%          1
 Poisonous Vapours        Pois/Air       36%        N/A       6%          2
 Passwall                 Tmut/Erth      10%        N/A       10%         2
 Olgreb's Toxic Radiance  Pois           31%        N/A       10%         4
 Apportation              Tloc           10%        N/A       14%         1
 Necrotise                Necr           20%        1d5       14%         1
 Summon Small Mammal      Summ           20%        N/A       14%         1
 Mephitic Cloud           Conj/Pois/Air  14%        N/A       19%         3
 Gell's Gravitas          Tloc           5%         N/A       41%         3
 Lesser Beckoning         Tloc           5%         N/A       41%         3
 Teleport Other           Tloc           5%         N/A       41%         3
 Airstrike                Air            2%         2d(1-17)  82%         4
 Irradiate                Conj/Tmut      6%         3d13      87%         5
 Eringya's Noxious Bog    Tmut/Pois      13%        N/A       95%         6
 Borgnjor's Vile Clutch   Necr/Erth      2%         N/A       99%         5
 Summon Forest            Summ/Tloc      2%         N/A       99%         5
 Summon Mana Viper        Hex/Summ       5%         N/A       99%         5
 Statue Form              Tmut/Erth      8%         N/A       100%        6
 Summon Cactus Giant      Summ           2%         N/A       100%        6
 Dragon Form              Tmut           10%        N/A       100%        7


Dungeon Overview and Level Annotations

Branches:
Dungeon (8/15)             Temple (1/1) D:5         Ossuary (visited)
   Lair: D:8-11

Altars:
Ashenzari
Cheibriados
Fedhas
Gozag
Hepliaklqana
Kikubaaqudgha
Makhleb
Nemelex Xobeh
Okawaru
Qazlal
Ru
Trog
Uskayaw
Vehumet
Wu Jian
Xom
Yredelemnul

Shops:
D:3 ?

Annotations:
D:3 1 runed translucent door, videwesjr's ghost, amateur MfFi
D:7 1 transporter, turdburglar's ghost, novice MiHu


Innate Abilities, Weirdness & Mutations

Your life essence is reduced to manifest your ancestor. (-10% HP)
You have hoof-like feet.
You are partially covered in large bone plates. (SH +4)
Spells you cast may paralyse adjacent enemies.


Message History

Found a manual of Conjurations.
An orc is nearby!
An orc comes into view. It is wielding a +0 hand axe.
Found a runed chain mail.
A centaur warrior comes into view.
The centaur warrior shouts!
The orc shouts!
You hear a roar!
You hear a horrible gurgling sound!
A six-headed hydra comes into view.
The orc misses you.
You hit the orc.
The orc is poisoned.
Your kick misses the orc.
The orc is heavily wounded.
The orc barely misses you.
An orc comes into view. It is wielding a +0 club.
You closely miss the orc.
The orc is almost dead.
Djefatnebti hits the orc!
The orc dies!
A boulder beetle comes into view.
A manticore comes into view.
Found a runed long sword and 15 gold pieces.
The centaur warrior wields a +0 shortbow.
The centaur warrior shoots an arrow.
The arrow misses you.
You see here a +0 club.
The six-headed hydra bites you. The six-headed hydra barely misses you.
The six-headed hydra bites you but does no damage.
The six-headed hydra bites you!
You block the six-headed hydra's attack.
The six-headed hydra bites you!
Djefatnebti hits the six-headed hydra.
You see here a +0 club.
Djefatnebti hits the six-headed hydra.
The boulder beetle leaps!
The six-headed hydra attacks as you move away!
The six-headed hydra bites you but does no damage.
The six-headed hydra bites you! The six-headed hydra bites you.
You block the six-headed hydra's attack.
The six-headed hydra bites you!
* * * LOW HITPOINT WARNING * * *
The six-headed hydra bites you.
You die...

(..#
###..............
####
#......#####...
#....###... ..
#....#.... ##
#.#.##... ...
#.#.#...# ...
#.#.#...# ..##
#.#.#...#.:..#.
#..@#.)oH..[...
#.#.DR#cc#..).#
#.#...#..# ..#
#..#..#.... #
##.#..##....
#.#... ###..$
#..#... ...
##.##... ## #.
###.


You could see the friendly Djefatnebti the ancestor and a six-headed hydra (ally
target).

Vanquished Creatures
  A steam dragon (D:6)
  A water moccasin (D:5)
  2 black bears
  3 ice beasts
  4 centaurs
  3 phantoms
  4 necrophages
  2 scorpions
  A howler monkey (D:7)
  3 centaur zombies (Ossuary)
  A hound (D:6)
  3 jellies
  An orc priest (D:5)
  2 iguanas (D:4)
  5 orc wizards
  2 mummies (Ossuary)
  3 gnolls (D:6)
  10 adders
  A white imp (D:7)
  3 worms
  4 dart slugs
  30 orcs
  9 endoplasms
  3 giant cockroaches
  3 goblins
  7 hobgoblins
  9 jackals (D:1)
  2 quokkas
  6 ball pythons
  5 bats (D:1)
  2 frilled lizards
  2 hobgoblin zombies (Ossuary)
  10 kobolds
  4 rats
151 creatures vanquished.

Vanquished Creatures (collateral kills)
  A cyclops (D:7)
  Duvessa (D:7)
  A bullfrog (D:7)
  Dowan (D:7)
  2 iguanas (D:7)
  An orc wizard (D:6)
  3 mummies (Ossuary)
  A white imp (D:8)
  4 orcs
  A hobgoblin zombie (Ossuary)
16 creatures vanquished.

Vanquished Creatures (others)
  A human (D:6)
  6 fungi (D:6)
  5 withered plants
12 creatures vanquished.

Grand Total: 179 creatures vanquished

Notes
Turn   | Place    | Note
-------+----------+-------------------------------------------
     0 | D:1      | vvl the Demonspawn Venom Mage began the quest for the Orb.
     0 | D:1      | Reached XP level 1. HP: 13/13 MP: 3/3
   188 | D:1      | Reached skill level 1 in Transmutations
   197 | D:1      | Found a faded altar of an unknown god.
   598 | D:1      | Gained mutation: You have large cloven feet. [demonic
                  | ancestry]
   598 | D:1      | Reached XP level 2. HP: 20/20 MP: 5/5
  1293 | D:1      | Reached skill level 1 in Fighting
  1293 | D:1      | Reached XP level 3. HP: 26/26 MP: 4/6
  2936 | D:3      | Found Qoakhoq's Magic Scroll Shoppe.
  3007 | D:3      | Bought a scroll of identify for 26 gold pieces
  3007 | D:3      | Bought a scroll of teleportation for 39 gold pieces
  3094 | D:3      | Got the Compilation of the Neverending Nightingales
  3128 | D:3      | Reached XP level 4. HP: 27/32 MP: 3/7
  3403 | D:3      | Found a runed translucent door.
  3404 | D:3      | Noticed videwesjr's ghost (amateur MfFi)
  3477 | D:3      | Found a sparkling altar of Nemelex Xobeh.
  3493 | D:3      | Found a stormy altar of Qazlal.
  3495 | D:3      | Found a shimmering altar of Xom.
  3495 | D:3      | Found an opulent altar of Gozag.
  3495 | D:3      | Found a basalt altar of Yredelemnul.
  3611 | D:3      | Found a bloodstained altar of Trog.
  3805 | D:4      | Noticed a necrophage
  3933 | D:3      | Reached XP level 5. HP: 18/35 MP: 3/9
  4070 | D:4      | Noticed a phantom
  4090 | D:4      | Killed a phantom
  4091 | D:4      | Reached skill level 4 in Poison Magic
  4091 | D:4      | Gained mutation: Spells you cast may paralyse adjacent
                  | enemies. [demonic ancestry]
  4091 | D:4      | Reached XP level 6. HP: 41/45 MP: 10/10
  4560 | D:4      | Found a sacrificial altar of Ru.
  4592 | D:4      | Found a burning altar of Makhleb.
  4611 | D:4      | Found a hide-covered altar of Uskayaw.
  4623 | D:4      | Gained mutation: You have hoof-like feet. [demonic
                  | ancestry]
  4623 | D:4      | Reached XP level 7. HP: 52/52 MP: 7/12
  4818 | D:5      | Entered Level 5 of the Dungeon
  4934 | D:5      | Reached skill level 1 in Armour
  5208 | D:5      | Found a staircase to the Ecumenical Temple.
  5241 | D:5      | Gained mutation: You are partially covered in large bone
                  | plates. (SH +4) [demonic ancestry]
  5241 | D:5      | Reached XP level 8. HP: 34/60 MP: 14/14
  5253 | Temple   | Entered the Ecumenical Temple
  5459 | Temple   | Became a worshipper of Hepliaklqana the Forgotten
  5486 | D:5      | Reached skill level 5 in Poison Magic
  5896 | D:5      | Identified the +3 leather armour of Zin's Hatred {rN+ Str+2
                  | Int+3}
  6301 | D:6      | Reached * piety under Hepliaklqana
  6537 | D:6      | Found a basalt altar of Yredelemnul.
  6835 | D:6      | Found an ancient bone altar of Kikubaaqudgha.
  7139 | D:7      | Reached ** piety under Hepliaklqana
  7237 | D:7      | Reached XP level 9. HP: 57/60 MP: 10/16
  7385 | D:7      | Noticed Duvessa
  7385 | D:7      | Noticed Dowan
  7388 | D:7      | Killed Dowan
  7389 | D:7      | Reached skill level 5 in Spellcasting
  7396 | D:7      | Killed Duvessa
  7397 | D:7      | Reached skill level 5 in Fighting
  7397 | D:7      | Reached skill level 5 in Dodging
  7462 | D:7      | Found a sand-covered staircase.
  7510 | Ossuary  | Entered an ossuary
  7518 | Ossuary  | Reached skill level 6 in Poison Magic
  7911 | D:7      | Got Cyruohau's Incunabulum of Iron Moulding
  7957 | D:7      | Noticed a cyclops
  7960 | D:7      | Found a broken altar of Ashenzari.
  7967 | D:7      | Killed a cyclops
  8215 | D:7      | Found a transporter.
  8215 | D:7      | Noticed turdburglar's ghost (novice MiHu)
  8217 | D:7      | Identified the +6 giant club of Annoyance {vorpal, Will+}
  8554 | D:8      | Identified the +2 dagger of the Haunted God {speed, Dex+6}
  8919 | D:8      | Noticed a centaur warrior
  8919 | D:8      | Noticed a six-headed hydra
  8921 | D:8      | Noticed a boulder beetle
  8922 | D:8      | Noticed a manticore
  8928 | D:8      | Slain by a six-headed hydra

Illustrated notes

Levels and vault maps discovered:
D:1:      dpeg_arrival_round_c, layout_basic, ebering_ecumenical_altar_petrified
D:2:      layout_basic, kennysheep_generic_room_6
D:3:      layout_rooms, doesnt_xom_only_xom, nicolae_overflow_squiral,
          gammafunk_ghost_grave, serial_shops,
          nicolae_shop_competitors_out_of_business, minmay_circle_x
D:4:      layout_rooms, lightli_temple_of_fire, marbit_many_paths,
          mainiacjoe_overflow_brackets, st_stairs_7, minmay_distorted
D:5:      layout_loops_cross, minmay_temple_entry_proselytizer, minivault_25
D:6:      layout_basic, tgw_kikubaaqudgha, mainiacjoe_overflow_swirl,
          dreamdust_mushroom_princess
D:7:      layout_gridville, mainiacjoe_overflow_small_starburst,
          nicolae_ossuary_entry_false_entrances, gammafunk_ghost_smash,
          minmay_door_square, uniq_duvessa
D:8:      layout_basic, minmay_radiant, uniq_gastronok
Temple:   chequers_temple_sunken

Skill      XL: |  1  2  3  4  5  6  7  8  9 |
---------------+----------------------------+-----
Transmutations | 1 2 3 4 |  4.0
Stealth        | 2 |  2.0
Dodging        | 2 3 4 5 |  5.5
Fighting       | 1 2 3 4 5 |  5.7
Spellcasting   | 3 4 5 |  5.6
Poison Magic   | 4 5 6 |  6.5
Armour         | 1 3 4 |  4.1

Action                   |  1- 3 |  4- 6 |  7- 9 || total
-------------------------+-------+-------+-------++-------
Melee: Unarmed           |    14 |       |       ||    14
       Short sword       |    40 |       |       ||    40
       Kick              |    11 |    34 |    69 ||   114
       Punch             |     1 |     2 |     1 ||     4
       Rapier            |    12 |   119 |    55 ||   186
       Dagger            |       |       |   133 ||   133
 Cast: Sting             |    59 |    74 |   132 ||   265
Evoke: Wand              |       |       |     1 ||     1
  Use: Scroll            |       |     9 |     5 ||    14
       Potion            |       |     1 |     2 ||     3
 Stab: Distracted        |     1 |       |     1 ||     2
       Sleeping          |     1 |       |       ||     1
       Paralysed         |       |     6 |     8 ||    14
Armor: Robe              |    33 |       |       ||    33
       Leather armour    |     9 |    90 |    72 ||   171
Dodge: Dodged            |    85 |   110 |   142 ||   337
Block: Other             |       |       |    45 ||    45
